AAA WEST
EL PASO CHIHUAHUAS @ SUGAR LAND SKEETERS
05/18/2042
 
TOP OF THE 1ST
El Paso Chihuahuas batting - Pitching for Sugar Land Skeeters : RHP Ismael Rivera
Pitching: RHP Ismael Rivera
Batting: RHB Jung-jun Moon 0-0: Called Strike
0-1: Ball
1-1: Foul Ball, location: 2F
1-2: Strikes out swinging, 2-3 out at first.
Batting: LHB Freddy Newton 0-0: Called Strike
0-1: Swinging Strike
0-2: Ball
1-2: Ball
2-2: Strikes out swinging
Batting: LHB Gene Norman 0-0: Ball
1-0: Ball
2-0: Called Strike
2-1: SINGLE (Groundball, 34D, EV 98.8 MPH)
Batting: RHB Luis Miguel Ortíz 0-0: Called Strike
0-1: Called Strike
0-2: Strikes out looking
Top of the 1st over - 0 runs, 1 hit, 0 errors, 1 left on base; El Paso 0 - Sugar Land 0
BOTTOM OF THE 1ST
Sugar Land Skeeters batting - Pitching for El Paso Chihuahuas : RHP Dan Moore
Pitching: RHP Dan Moore
Batting: RHB Héctor López 0-0: Foul Ball, location: 23F
0-1: Ball
1-1: Ball
2-1: Ball
3-1: Foul Ball, location: 25F
3-2: Ground out 6-3 (Groundball, 6, EV 103.1 MPH)
Batting: LHB Tony Cardoza 0-0: Ball
1-0: Ball
2-0: Ball
3-0: Base on Balls
Batting: LHB Jeremy Edwards 0-0: Foul Ball, location: 2F
0-1: Foul Ball, location: 23F
0-2: Ball
1-2: Foul Ball, location: 2LF
1-2: Ball
2-2: Foul Ball, location: 2F
2-2: Foul Ball, location: 25FF
2-2: Ball
3-2: Base on Balls
Tony Cardoza to second
Batting: SHB Brendan Jeffries 0-0: Fly out, F7 (Flyball, 7, EV 94.4 MPH)
Batting: LHB Jorge Garza 0-0: Swinging Strike
0-1: Swinging Strike
0-2: Ball
1-2: Ball
2-2: SINGLE (Line Drive, 4M, EV 96.9 MPH)
Tony Cardoza to third
Jeremy Edwards to second
Runner from 3rd tries for Home, SAFE, throw by CF to home
Batting: SHB Bob Flynn 0-0: Ground out 4-3 (Groundball, 4S, EV 90.0 MPH)
Bottom of the 1st over - 1 run, 1 hit, 0 errors, 2 left on base; El Paso 0 - Sugar Land 1
TOP OF THE 2ND
El Paso Chihuahuas batting - Pitching for Sugar Land Skeeters : RHP Ismael Rivera
Batting: LHB Ignacio Villa 0-0: SINGLE (Line Drive, 34D, EV 68.8 MPH)
Batting: RHB José Beltrán 0-0: Ball
1-0: Ball
2-0: Bunted foul
2-1: Sac Bunt to 15 - play at first, batter OUT! 1-3
Ignacio Villa to second
Batting: LHB Johann Sorely 0-0: Called Strike
0-1: Foul Ball, location: 3SF
0-2: Ball
1-2: Strikes out swinging
Batting: RHB Cristo Lópes 0-0: 2-RUN HOME RUN (Flyball, 7D, EV 95.0 MPH), Distance : 336 ft
Batting: LHB Greg Greene 0-0: Ball
1-0: Called Strike
1-1: Ball
2-1: SINGLE (Groundball, 34D, EV 99.4 MPH) (infield hit)
Batting: RHB Jung-jun Moon 0-0: Called Strike
0-1: Ball
1-1: SINGLE (Line Drive, 89S, EV 109.4 MPH)
Greg Greene to second
Batting: LHB Freddy Newton 0-0: Ball
1-0: Swinging Strike
1-1: SINGLE (Line Drive, 7S, EV 102.5 MPH)
Greg Greene to third
Jung-jun Moon to second
Runner from 3rd tries for Home, SAFE, throw by LF to home
Batting: LHB Gene Norman 0-0: Foul Ball, location: 2F
0-1: Ball
Wild Pitch!
Jung-jun Moon to third
Freddy Newton to second
1-1: Called Strike
1-2: Strikes out looking
Top of the 2nd over - 3 runs, 5 hits, 0 errors, 2 left on base; El Paso 3 - Sugar Land 1
BOTTOM OF THE 2ND
Sugar Land Skeeters batting - Pitching for El Paso Chihuahuas : RHP Dan Moore
Batting: SHB Tomás Martínez 0-0: Ball
1-0: Ball
2-0: Called Strike
2-1: Ball
3-1: Swinging Strike
3-2: Base on Balls
Batting: RHB Sergio Verez 0-0: Bunted foul
0-1: Bunted foul
0-2: Fly out, F9 (Flyball, 89M, EV 93.8 MPH)
Batting: RHB Renato Clemente 0-0: Ball
1-0: Ball
2-0: Ball
3-0: Called Strike
3-1: Swinging Strike
3-2: Fly out, F7 (Flyball, 7LS, EV 85.0 MPH)
Batting: RHB Héctor López 0-0: Fly out, F4 (Popup, 3S, EV 82.5 MPH)
Bottom of the 2nd over - 0 runs, 0 hits, 0 errors, 1 left on base; El Paso 3 - Sugar Land 1
TOP OF THE 3RD
El Paso Chihuahuas batting - Pitching for Sugar Land Skeeters : RHP Ismael Rivera
Batting: RHB Luis Miguel Ortíz 0-0: Called Strike
0-1: Ball
1-1: Foul Ball, location: 25F
1-2: Ball
2-2: SINGLE (Groundball, 3D, EV 107.5 MPH)
Batting: LHB Ignacio Villa 0-0: Ball
1-0: Called Strike
1-1: Fielders Choice at 2nd, 3-6 (Groundball, 34S, EV 93.8 MPH)
Batting: RHB José Beltrán 0-0: Ball
1-0: Called Strike
1-1: Foul Ball, location: 9LMF
1-2: Ball
2-2: Strikes out swinging
Batting: LHB Johann Sorely 0-0: Ground out 4-3 (Groundball, 4, EV 86.3 MPH)
Top of the 3rd over - 0 runs, 1 hit, 0 errors, 1 left on base; El Paso 3 - Sugar Land 1
BOTTOM OF THE 3RD
Sugar Land Skeeters batting - Pitching for El Paso Chihuahuas : RHP Dan Moore
Batting: LHB Tony Cardoza 0-0: Ball
1-0: Fly out, F8 (Flyball, 78D, EV 90.0 MPH)
Batting: LHB Jeremy Edwards 0-0: Ball
1-0: Ball
2-0: Ball
3-0: Base on Balls
Batting: SHB Brendan Jeffries 0-0: Ball
1-0: Called Strike
Jeremy Edwards steals 2nd base
1-1: Ball
2-1: Swinging Strike
2-2: Ball
3-2: Base on Balls
Batting: LHB Jorge Garza 0-0: Fly out, F9 (Line Drive, 9, EV 105.6 MPH)
Batting: SHB Bob Flynn 0-0: Ball
1-0: Called Strike
1-1: Swinging Strike
1-2: Ball
2-2: DOUBLE (Line Drive, 78D, EV 105.6 MPH)
Jeremy Edwards scores
Brendan Jeffries to third
Batting: SHB Tomás Martínez 0-0: Ball
1-0: Ball
2-0: Foul Ball, location: 2F
2-1: SINGLE (Line Drive, 8RS, EV 86.3 MPH)
Brendan Jeffries scores
Bob Flynn to third
Batting: RHB Sergio Verez 0-0: Fly out, F9 (Flyball, 9LD, EV 103.8 MPH)
Bottom of the 3rd over - 2 runs, 2 hits, 0 errors, 2 left on base; El Paso 3 - Sugar Land 3
TOP OF THE 4TH
El Paso Chihuahuas batting - Pitching for Sugar Land Skeeters : RHP Ismael Rivera
Batting: RHB Cristo Lópes 0-0: Ball
1-0: Called Strike
1-1: Ball
2-1: Ball
3-1: Called Strike
3-2: Base on Balls
Batting: LHB Greg Greene 0-0: Ball
1-0: Sac Bunt to 15 - play at first, batter OUT! 1-4
Cristo Lópes to second
Batting: RHB Jung-jun Moon 0-0: Swinging Strike
0-1: Called Strike
0-2: Foul Ball, location: 2F
0-2: Ball
1-2: Strikes out looking
Batting: LHB Freddy Newton 0-0: Called Strike
0-1: DOUBLE (Flyball, 78XD, EV 110.0 MPH)
Cristo Lópes scores
Batting: LHB Gene Norman 0-0: Ball
1-0: Foul Ball, location: 23F
1-1: Foul Ball, location: 5SF
1-2: Ball
2-2: Strikes out swinging
Top of the 4th over - 1 run, 1 hit, 0 errors, 1 left on base; El Paso 4 - Sugar Land 3
BOTTOM OF THE 4TH
Sugar Land Skeeters batting - Pitching for El Paso Chihuahuas : RHP Dan Moore
Batting: RHB Renato Clemente 0-0: Ball
1-0: SINGLE (Groundball, 34, EV 105.0 MPH)
Batting: RHB Héctor López 0-0: Bunted foul
0-1: Sac Bunt to 13 - play at first, batter OUT! 1-3
Renato Clemente to second
Batting: LHB Tony Cardoza 0-0: Ball
1-0: Ball
2-0: Ball
3-0: Base on Balls
Batting: LHB Jeremy Edwards 0-0: Ball
Renato Clemente steals 3rd base
1-0: Ball
2-0: Foul Ball, location: 2F
2-1: Fielders Choice at 2nd, 5-4 (Groundball, 56S, EV 88.1 MPH)
Renato Clemente scores
Batting: SHB Brendan Jeffries 0-0: Ball
1-0: Called Strike
1-1: Foul Ball, location: 23F
1-2: Fly out, F7 (Flyball, 78XD, EV 106.3 MPH)
Bottom of the 4th over - 1 run, 1 hit, 0 errors, 1 left on base; El Paso 4 - Sugar Land 4
TOP OF THE 5TH
El Paso Chihuahuas batting - Pitching for Sugar Land Skeeters : RHP Ismael Rivera
Batting: RHB Luis Miguel Ortíz 0-0: Swinging Strike
0-1: Swinging Strike
0-2: Fly out, F9 (Flyball, 9S, EV 86.3 MPH)
Batting: LHB Ignacio Villa 0-0: Fly out, F9 (Flyball, 89M, EV 86.9 MPH)
Batting: RHB José Beltrán 0-0: Ball
1-0: Swinging Strike
1-1: Ball
2-1: Foul Ball, location: 9LDF
2-2: Fly out, F9 (Line Drive, 9, EV 97.5 MPH)
Top of the 5th over - 0 runs, 0 hits, 0 errors, 0 left on base; El Paso 4 - Sugar Land 4
BOTTOM OF THE 5TH
Sugar Land Skeeters batting - Pitching for El Paso Chihuahuas : RHP Dan Moore
Batting: LHB Jorge Garza 0-0: Fly out, F8 (Flyball, 8LD, EV 98.1 MPH)
Batting: SHB Bob Flynn 0-0: Ball
1-0: Ball
2-0: Called Strike
2-1: Foul Ball, location: 3F
2-2: Strikes out swinging
Batting: SHB Tomás Martínez 0-0: Foul Ball, location: 23FF
0-1: Foul Ball, location: 7LDF
0-2: Strikes out swinging
Bottom of the 5th over - 0 runs, 0 hits, 0 errors, 0 left on base; El Paso 4 - Sugar Land 4
TOP OF THE 6TH
El Paso Chihuahuas batting - Pitching for Sugar Land Skeeters : RHP Ismael Rivera
Batting: LHB Johann Sorely 0-0: Ball
1-0: Swinging Strike
1-1: Called Strike
1-2: Ball
2-2: Ball
3-2: Strikes out swinging
Batting: RHB Cristo Lópes 0-0: SOLO HOME RUN (Flyball, 78XD, EV 100.6 MPH), Distance : 396 ft
Pitching: RHP Tony Bader
Batting: LHB Greg Greene 0-0: Ball
1-0: Foul Ball, location: 2F
1-1: Ball
2-1: Swinging Strike
2-2: Strikes out swinging
Batting: RHB Jung-jun Moon 0-0: SINGLE (Line Drive, 7LS, EV 98.8 MPH)
Batting: LHB Freddy Newton 0-0: DOUBLE (Flyball, 8LXD, EV 93.8 MPH)
Jung-jun Moon to third
Runner from 3rd tries for Home, SAFE, no throw by CF
Batting: LHB Gene Norman 0-0: Ball
1-0: Ball
2-0: Ball
3-0: Called Strike
3-1: Foul Ball, location: 7LDF
3-2: 2-RUN HOME RUN (Flyball, 7D, EV 93.8 MPH), Distance : 348 ft
Pitching: LHP Manolito Ayala
Batting: RHB Luis Miguel Ortíz 0-0: Called Strike
0-1: SOLO HOME RUN (Flyball, 7D, EV 96.3 MPH), Distance : 360 ft
Batting: LHB Ignacio Villa 0-0: Ball
1-0: Ball
2-0: Called Strike
2-1: Ball
3-1: Foul Ball, location: 9LDF
3-2: Base on Balls
Batting: RHB José Beltrán 0-0: Ball
1-0: Called Strike
1-1: SINGLE (Line Drive, 9S, EV 105.0 MPH)
Ignacio Villa to second
Batting: LHB Johann Sorely 0-0: Ball
1-0: Foul Ball, location: 7LMF
1-1: Called Strike
1-2: Ball
2-2: DOUBLE (Line Drive, 78M, EV 101.3 MPH)
Ignacio Villa scores
José Beltrán to third
Batting: RHB Cristo Lópes 0-0: Ball
1-0: Ball
2-0: Fly out, F8 (Flyball, 8RD, EV 76.9 MPH)
Top of the 6th over - 6 runs, 7 hits, 0 errors, 2 left on base; El Paso 10 - Sugar Land 4
BOTTOM OF THE 6TH
Sugar Land Skeeters batting - Pitching for El Paso Chihuahuas : RHP Dan Moore
Batting: RHB Sergio Verez 0-0: Ball
1-0: Ground out 4-3 (Groundball, 34, EV 87.5 MPH)
Batting: RHB Renato Clemente 0-0: Called Strike
0-1: Swinging Strike
0-2: Ball
1-2: Foul Ball, location: 2RF
1-2: Ball
2-2: Ball
3-2: SINGLE (Line Drive, 8LS, EV 93.1 MPH)
Batting: RHB Héctor López 0-0: Fly out, F3 (Popup, 3, EV 68.8 MPH)
Batting: LHB Tony Cardoza 0-0: Ball
1-0: Ball
2-0: Called Strike
2-1: Fly out, F7 (Flyball, 7D, EV 108.1 MPH)
Bottom of the 6th over - 0 runs, 1 hit, 0 errors, 1 left on base; El Paso 10 - Sugar Land 4
TOP OF THE 7TH
El Paso Chihuahuas batting - Pitching for Sugar Land Skeeters : LHP Manolito Ayala
Batting: LHB Greg Greene 0-0: Ground out 4-3 (Groundball, 4, EV 82.5 MPH)
Batting: RHB Jung-jun Moon 0-0: Ball
1-0: Fly out, F7 (Flyball, 7, EV 85.6 MPH)
Batting: LHB Freddy Newton 0-0: Called Strike
0-1: Ball
1-1: Ball
2-1: SINGLE (Line Drive, 34, EV 108.1 MPH)
Batting: LHB Gene Norman 0-0: Called Strike
0-1: Ball
1-1: Swinging Strike
1-2: Ball
2-2: Ball
3-2: Base on Balls
Freddy Newton to second
Batting: RHB Luis Miguel Ortíz 0-0: Called Strike
0-1: Called Strike
0-2: Strikes out swinging
Top of the 7th over - 0 runs, 1 hit, 0 errors, 2 left on base; El Paso 10 - Sugar Land 4
BOTTOM OF THE 7TH
Sugar Land Skeeters batting - Pitching for El Paso Chihuahuas : RHP Dan Moore
Batting: LHB Jeremy Edwards 0-0: Called Strike
0-1: Called Strike
0-2: Ball
1-2: Ground out 5-3 (Groundball, 5, EV 82.5 MPH)
Batting: SHB Brendan Jeffries 0-0: SOLO HOME RUN (Flyball, 8RXD, EV 106.3 MPH), Distance : 413 ft
Pitching: LHP Don Bright
Batting: LHB Jorge Garza 0-0: Called Strike
0-1: Fly out, F3 (Line Drive, 3L, EV 67.5 MPH)
Batting: SHB Bob Flynn 0-0: Ball
1-0: Called Strike
1-1: Fly out, F9 (Flyball, 9, EV 93.8 MPH)
Bottom of the 7th over - 1 run, 1 hit, 0 errors, 0 left on base; El Paso 10 - Sugar Land 5
TOP OF THE 8TH
El Paso Chihuahuas batting - Pitching for Sugar Land Skeeters : LHP Manolito Ayala
Pitching: RHP Kevin George
Batting: LHB Ignacio Villa 0-0: Foul Ball, location: 7LDF
0-1: Ball
1-1: Called Strike
1-2: Hit by Pitch
Batting: RHB José Beltrán 0-0: Ball
1-0: Hit by Pitch
Ignacio Villa to second
Batting: LHB Johann Sorely 0-0: Called Strike
0-1: Ball
1-1: Called Strike
1-2: Strikes out looking
Batting: RHB Cristo Lópes 0-0: Called Strike
0-1: Called Strike
0-2: Fly out, F9 (Line Drive, 9S, EV 85.6 MPH)
Batting: LHB Greg Greene 0-0: Fly out, F7 (Flyball, 7, EV 80.0 MPH)
Top of the 8th over - 0 runs, 0 hits, 0 errors, 2 left on base; El Paso 10 - Sugar Land 5
BOTTOM OF THE 8TH
Sugar Land Skeeters batting - Pitching for El Paso Chihuahuas : LHP Don Bright
Batting: SHB Tomás Martínez 0-0: Ground out 5-3 (Groundball, 56S, EV 84.4 MPH)
Batting: RHB Sergio Verez 0-0: Swinging Strike
0-1: Foul Ball, location: 2F
0-2: Fly out, F8 (Flyball, 78M, EV 96.3 MPH)
Batting: RHB Renato Clemente 0-0: Ball
1-0: Ball
2-0: Called Strike
2-1: Called Strike
2-2: Strikes out swinging
Bottom of the 8th over - 0 runs, 0 hits, 0 errors, 0 left on base; El Paso 10 - Sugar Land 5
TOP OF THE 9TH
El Paso Chihuahuas batting - Pitching for Sugar Land Skeeters : RHP Kevin George
Batting: RHB Jung-jun Moon 0-0: Fly out, F9 (Flyball, 9LSF, EV 78.8 MPH)
Batting: LHB Freddy Newton 0-0: Ground out U3 (Groundball, 3, EV 82.5 MPH)
Batting: LHB Gene Norman 0-0: Called Strike
0-1: Ball
1-1: Ball
2-1: Foul Ball, location: 2F
2-2: Foul Ball, location: 23F
2-2: Ball
3-2: Foul Ball, location: 7LSF
3-2: Foul Ball, location: 5SF
3-2: Base on Balls
Batting: RHB Luis Miguel Ortíz 0-0: Ball
1-0: Ball
2-0: Swinging Strike
2-1: Ball
3-1: Called Strike
3-2: Strikes out swinging
Top of the 9th over - 0 runs, 0 hits, 0 errors, 1 left on base; El Paso 10 - Sugar Land 5
BOTTOM OF THE 9TH
Sugar Land Skeeters batting - Pitching for El Paso Chihuahuas : LHP Don Bright
Batting: RHB Héctor López 0-0: Ground out 6-3 (Groundball, 6, EV 88.1 MPH)
Batting: LHB Tony Cardoza 0-0: Ground out U3 (Groundball, 3, EV 106.3 MPH)
Batting: LHB Jeremy Edwards 0-0: Called Strike
0-1: Ball
1-1: Ball
2-1: Foul Ball, location: 25FF
2-2: Ball
3-2: Foul Ball, location: 3F
3-2: Foul Ball, location: 2F
3-2: Foul Ball, location: 2F
3-2: Fly out, F8 (Flyball, 8LS, EV 91.9 MPH)
Bottom of the 9th over - 0 runs, 0 hits, 0 errors, 0 left on base; El Paso 10 - Sugar Land 5
Wednesday, May 1st , 2024 - OOTP Baseball 24.10 Build 82